 Dungeon Crawl Stone Soup version 0.18-a0-816-g97f838e (webtiles) character file.

1341 JokEr the Skirmisher (level 8, 0/60 HPs)
             Began as an Octopode Fighter on Dec 15, 2015.
             Slain by Duvessa
             ... wielding a +2 short sword of freezing
              (10 damage)
             ... on level 5 of the Dungeon.
             The game lasted 00:11:32 (5732 turns).

JokEr the Skirmisher (Octopode Fighter)             Turns: 5732, Time: 00:11:32

Health: 0/60       AC:  1    Str: 17    XL:     8   Next: 62%
Magic:  8/8        EV: 15    Int: 11    God:
Gold:   105        SH:  8    Dex: 11    Spells: 0 memorised, 7 levels left

rFire  . . .     SeeInvis .     a - +0 war axe
rCold  . . .     Clarity  .     b - +0 shield
rNeg   . . .     SustAt   .     (helmet restricted)
rPois  .         Gourm    .     (no amulet)
rElec  .         Spirit   .     g - +2 ring of slaying
rCorr  .         Dismiss  .     r - +5 ring of evasion
rMut   .         Stasis   .     (no ring)
MR     .....                    (no ring)
Stlth  ++++......               (no ring)
                                (no ring)
                                (no ring)
                                (no ring)

@: not resistant to hostile enchantments, stealthy
A: almost no armour, amphibious, 8 rings, constrict 8, camouflage 1, gelatinous
body 1
a: no special abilities


You were on level 5 of the Dungeon.
You were not hungry.

You visited 2 branches of the dungeon, and saw 6 of its levels.

You collected 105 gold pieces.

Inventory:

Hand Weapons
 a - a +0 war axe (weapon)
Armour
 b - a +0 shield (worn)
Jewellery
 g - a +2 ring of slaying (left tentacle)
 r - a +5 ring of evasion (right tentacle)
Wands
 l - a wand of fireball (12)
Scrolls
 e - a scroll of noise
 f - a scroll of random uselessness
 i - 3 scrolls of identify
 q - a scroll of teleportation
 t - a scroll of fog {unknown}
Potions
 c - 4 potions of might
 h - a potion of experience {unknown}
 j - a potion of flight {unknown}
 k - a potion of poison {unknown}
 m - a potion of invisibility {unknown}
 n - a potion of degeneration {unknown}
 p - 2 potions of curing {unknown}
 s - a potion of mutation {unknown}
Books
 u - a book of Fire

   Spells                             Type                      Level
   a - Ignite Poison                  Fire/Transmutation/Poison    3
   b - Fireball                       Conjuration/Fire             5
   c - Bolt of Fire                   Conjuration/Fire             6
   d - Delayed Fireball               Conjuration/Fire             7
   e - Ring of Flames                 Charms/Fire                  7
Comestibles
 d - 4 bread rations
 o - 2 meat rations
 v - 3 fruits


   Skills:
 + Level 7.1 Fighting
 + Level 7.0 Axes
 - Level 3.0 Dodging
 - Level 5.8 Stealth
 - Level 3.0 Shields


You had 7 spell levels left.
You didn't know any spells.

Dungeon Overview and Level Annotations

Branches:
Dungeon (5/15)             Temple (1/1) D:4

Altars:
Ashenzari
Dithmenos
Elyvilon
Fedhas
Gozag
Kikubaaqudgha
Makhleb
Nemelex Xobeh
Pakellas
Qazlal
Ru
Sif Muna
Trog
Vehumet
Xom
Yredelemnul
Zin
The Shining One

Annotations:
D:5 Duvessa


Innate Abilities, Weirdness & Mutations

You cannot wear most types of armour.
You are amphibious.
You can wear up to eight rings at the same time.
You can use your tentacles to constrict eight enemies at once.
Your skin changes colour to match your surroundings (Stealth).
Your rubbery body absorbs attacks (AC +1).


Message History

Duvessa weeps, then rights herself and shakes her weapon.
Duvessa goes berserk!
Your Axes skill increases to level 7!
You barely miss Duvessa. You grab Duvessa. You constrict Duvessa.
Duvessa hits you with a short sword of freezing!
Duvessa freezes you. You block Duvessa's attack.
Your shield prevents you from hitting Duvessa.
Duvessa is lightly wounded.
You constrict Duvessa. Duvessa barely misses you.
Duvessa hits you with a short sword of freezing!
Duvessa freezes you.
You hit Duvessa. You squeeze Duvessa!
Duvessa is heavily wounded.
You constrict Duvessa.
Duvessa hits you with a short sword of freezing!
* * * LOW HITPOINT WARNING * * *
Duvessa freezes you.
* * * LOW HITPOINT WARNING * * *
Duvessa hits you with a short sword of freezing!
You die...

##.## #.# .#
#...# #.# ##.##
#.#.# #.# ....
#...# #.##.#.#
#.### ### #......
#.#####.## #.. ..
#......#.# #.# .#
#######.####.##e#
#.......@.#
######.......#
#########


You could see Duvessa (berserk).

Vanquished Creatures
  The ghost of JokEr the Skirmisher, a novice OpFi of Okawaru (D:5)
  Grinder (D:3)
  2 ogres (D:5)
  Dowan (D:5)
  A scorpion (D:4)
  An orc priest (D:4)
  A giant frog skeleton (D:4)
  A hound (D:3)
  3 iguanas
  Natasha (thrice) (D:4)
  3 orc wizards
  A worker ant (D:3)
  3 gnolls (D:4)
  9 adders
  An ooze (D:1)
  A worm (D:3)
  9 orcs
  A ball python (D:2)
  2 gnoll zombies (D:3)
  5 goblins
  7 hobgoblins
  7 jackals
  2 bats
  2 giant cockroaches
  A giant gecko (D:2)
  A giant gecko skeleton (D:5)
  8 giant newts
  5 kobolds
  4 quokkas
  11 rats
98 creatures vanquished.

Notes
Turn   | Place    | Note
--------------------------------------------------------------
     0 | D:1      | JokEr the Octopode Fighter began the quest for the Orb.
     0 | D:1      | Reached XP level 1. HP: 16/16 MP: 1/1
   202 | D:1      | Reached skill level 1 in Stealth
   205 | D:1      | Reached XP level 2. HP: 10/21 MP: 2/2
   498 | D:1      | Reached XP level 3. HP: 14/26 MP: 3/3
  1415 | D:2      | Reached XP level 4. HP: 10/31 MP: 4/4
  2251 | D:3      | Found a white marble altar of Elyvilon.
  2278 | D:3      | Reached XP level 5. HP: 26/37 MP: 5/5
  2601 | D:3      | Found a radiant altar of Vehumet.
  2656 | D:3      | Found a burning altar of Makhleb.
  2661 | D:3      | Reached skill level 4 in Fighting
  2750 | D:3      | Found a basalt altar of Yredelemnul.
  2939 | D:3      | Noticed Grinder
  2952 | D:3      | Killed Grinder
  2952 | D:3      | Reached skill level 5 in Stealth
  2952 | D:3      | Reached XP level 6. HP: 30/44 MP: 6/6
  3050 | D:3      | Found a sacrificial altar of Ru.
  3189 | D:4      | Noticed Natasha
  3371 | D:4      | Reached XP level 7. HP: 40/49 MP: 7/7
  3383 | D:4      | Killed Natasha
  3383 | D:4      | Reached skill level 5 in Fighting
  3527 | D:4      | Noticed Natasha
  3538 | D:4      | Killed Natasha
  3548 | D:4      | Noticed Natasha
  3551 | D:4      | Killed Natasha
  3641 | D:4      | Found a staircase to the Ecumenical Temple.
  3671 | D:4      | Reached skill level 5 in Axes
  3673 | Temple   | Entered the Ecumenical Temple
  5373 | D:5      | Entered Level 5 of the Dungeon
  5425 | D:5      | Found a shimmering altar of Xom.
  5430 | D:5      | Noticed JokEr's ghost (novice OpFi)
  5431 | D:5      | Reached skill level 6 in Fighting
  5431 | D:5      | Reached XP level 8. HP: 55/57 MP: 8/8
  5490 | D:5      | Killed JokEr's ghost
  5490 | D:5      | Reached skill level 7 in Fighting
  5719 | D:5      | Noticed Duvessa
  5724 | D:5      | Noticed Dowan
  5729 | D:5      | Killed Dowan
  5732 | D:5      | Slain by Duvessa

Vault maps used:
D:1:      dpeg_arrival_castle, minmay_stone_trees_small
D:3:      lemuel_coloured_pillars_altar, old_standard_altar, marbit_many_paths,
          makhleb_blood_cavern_becter, lemuel_zombie_altar_yredelemnul,
          first_bread, uniq_grinder
D:4:      minmay_temple_entry_mist, uniq_natasha
D:5:      lemuel_crystal_altar, portal_sewer_entry_a, sigmund_edmund_badplayer,
          uniq_prince_ribbit1, uniq_duvessa
Temple:   eino_temple_water_12

Action                   |  1- 3 |  4- 6 |  7- 9 || total
-------------------------+-------+-------+-------++-------
Melee: War axe           |    58 |    65 |    74 ||   197
  Use: Scroll            |     2 |     3 |     3 ||     8
       Potion            |       |     1 |       ||     1
 Stab: Sleeping          |     7 |    12 |     2 ||    21
       Distracted        |       |     1 |       ||     1
  Eat: Chunk             |     1 |     7 |     1 ||     9
       Bread ration      |       |       |     2 ||     2
